 Dungeon Crawl Stone Soup version 0.31-a0-325-g067879e3d3 (webtiles) character file.

Game seed: 11384534400502677153

242 cforsyth the Changeling (level 5, -1/61 HPs)
             Began as a Vampire Shapeshifter on July 18, 2023.
             Slain by an iguana (3 damage)
             ... on level 4 of the Dungeon.
             The game lasted 00:03:17 (2125 turns).

cforsyth the Changeling (Vampire Shapeshifter)      Turns: 2125, Time: 00:03:18

Health: -1/61      AC:  8    Str: 16    XL:     5   Next: 82%
Magic:  5/5        EV:  7    Int: 10    God:
Gold:   113        SH:  0    Dex: 15    Spells: 4/4 levels left

rFire   . .          .
                       - Unarmed
rCold   . . .        (no shield)
rNeg    . . .        s - +0 chain mail
rPois   .            (helmet currently unavailable)
rElec   .            (cloak currently unavailable)
rCorr   .            (gloves currently unavailable)
SInv    +            (boots currently unavailable)
Will    .....        (no amulet) Stlth
                     (no ring)
HPRegen 0.50/turn    (no ring)
MPRegen 0.09/turn

%: no passive effects
@: berserking, beast-form, healing quickly, very quick
A: beast (slay +3), alive, fangs 3, see invisible, vampiric 2
a: Exsanguinate, Begin Untransformation


You were on level 4 of the Dungeon.
You were a hulking beast.
You visited 1 branch of the dungeon, and saw 4 of its levels.

You collected 113 gold pieces.

Inventory:

Armour
 a - a +0 animal skin
 d - a +0 pair of boots
 s - a +0 chain mail (worn)
Jewellery
 i - a ring of wizardry
Talismans
 c - a beast talisman
Scrolls
 e - 2 scrolls of amnesia {unknown}
 f - 5 scrolls of identify {unknown}
 g - 4 scrolls of fear {unknown}
 j - a scroll of enchant armour {unknown}
 n - a scroll of brand weapon {unknown}
 o - a scroll of teleportation {unknown}
 p - a scroll of noise {unknown}
 q - a scroll of immolation {unknown}
Potions
 b - 2 potions of lignification
 h - a potion of resistance {unknown}
 k - a potion of cancellation {unknown}
 l - 2 potions of berserk rage
 m - a potion of ambrosia {unknown}
 r - a potion of attraction {unknown}


   Skills:
 + Level 3.5 Fighting
 - Level 2.1 Dodging
 + Level 4.1 Unarmed Combat
 + Level 4.5 Shapeshifting


You had 4 spell levels left.
You didn't know any spells.
Your spell library contained the following spells:

 Spells                   Type           Power      Damage    Failure   Level
 Frozen Ramparts          Ice            0%         1d1       100%        3
 Petrify                  Tmut/Erth      0%         N/A       100%        4
 Metabolic Englaciation   Hex/Ice        0%         N/A       100%        5


Dungeon Overview and Level Annotations

Branches:
Dungeon (4/15)
 Temple: D:4-7

Altars:


Innate Abilities, Weirdness & Mutations

You are a hulking beast.
Your limbs bulge with bestial killing power. (Slay +3)
Your natural rate of healing is accelerated.
You have razor-sharp teeth.
You have supernaturally acute eyesight. (SInv)
You are afflicted with vampirism and can become a bat while bloodless.


Message History

The iguana barely misses you.
You hit the iguana.
The iguana is heavily wounded.
The iguana bites you but does no damage.
You barely miss the iguana.
The iguana is heavily wounded.
The iguana closely misses you.
You hit the iguana but do no damage. Your bite misses the iguana.
The iguana is heavily wounded.
The iguana bites you but does no damage.
You barely miss the iguana.
The iguana is heavily wounded.
The iguana bites you.
You closely miss the iguana.
The iguana is heavily wounded.
The iguana bites you!
You are too injured to fight recklessly!
You are too injured to fight recklessly!
You are too injured to fight recklessly!
You are too injured to fight recklessly!
You are too injured to fight recklessly!
You are too injured to fight recklessly!
You are too injured to fight recklessly!
You are too injured to fight recklessly!
You are too injured to fight recklessly!
You are too injured to fight recklessly!
You are too injured to fight recklessly!
You hit the iguana.
The iguana is severely wounded.
The iguana bites you!
* * * LOW HITPOINT WARNING * * *
The endoplasm hits you but does no damage.
You barely miss the iguana. You bite the iguana.
The iguana is almost dead.
The endoplasm closely misses you. The iguana bites you!
* * * LOW HITPOINT WARNING * * *
It was a potion of berserk rage.
A red film seems to cover your vision as you go berserk!
You feel yourself moving faster!
You feel mighty! The iguana bites you.
You die...

# # #. #. #.### ##
..### ...# #.##
...
####.####...###
#<##....l..>......
#[[..[...hJ)...#
#.#.###.#####..#
...#.# #.# .#
#.#.#.# #.#
#.#.#)# #.#
#.#.#.# #.# ...#(#
#.# #..#.# #.. #
###..#(#


You could see an iguana and an endoplasm.

Vanquished Creatures
  A phantom (D:4)
  2 orc wizards (D:4)
  2 adders
  3 worms
  A dart slug (D:3)
  9 orcs
  9 bats
  6 endoplasms
  2 giant cockroaches
  8 goblins
  8 hobgoblins
  A quokka (D:1)
  8 ball pythons
  4 frilled lizards
  7 kobolds
  7 rats
78 creatures vanquished.

Notes
Turn   | Place    | Note
-------+----------+-------------------------------------------
     0 | D:1      | cforsyth the Vampire Shapeshifter began the quest for the
                  | Orb.
     0 | D:1      | Reached XP level 1. HP: 16/16 MP: 1/1
   118 | D:1      | Reached XP level 2. HP: 22/22 MP: 2/2
   799 | D:2      | Gained mutation: You are afflicted with vampirism and can
                  | become a bat while bloodless. [Vampire growth]
   799 | D:2      | Reached XP level 3. HP: 28/28 MP: 3/3
  1268 | D:3      | Reached XP level 4. HP: 34/34 MP: 4/4
  1960 | D:4      | Noticed a phantom
  1973 | D:4      | Killed a phantom
  1974 | D:4      | Reached XP level 5. HP: 33/41 MP: 5/5
  2124 | D:4      | HP: 1/41 [iguana (11)]
  2125 | D:4      | Slain by an iguana

Illustrated notes

Levels and vault maps discovered:
D:1:      nzn_arrival_depleted_hourglass, layout_basic
D:2:      minmay_angry_zag, layout_rooms, chequers_serial_rivers_micro_a
D:3:      layout_loops_ring
D:4:      layout_loops_ring

Skill      XL: |  1  2  3  4  5 |
---------------+----------------+-----
Fighting       | 2 3 |  3.5
Unarmed Combat | 3 4 |  4.1
Shapeshifting  | 4 |  4.5
Dodging        | |  2.1

Action                     |  1- 3 |  4- 6 || total
---------------------------+-------+-------++-------
  Melee: Unarmed           |   112 |   117 ||   229
         Bite              |    14 |    14 ||    28
         Punch             |       |     4 ||     4
    Use: Potion            |       |     1 ||     1
   Stab: Sleeping          |     4 |     1 ||     5
 Armour: Animal skin       |    21 |    10 ||    31
         Chain mail        |       |    16 ||    16
  Dodge: Dodged            |    53 |    65 ||   118

Table legend: (Time is in decaauts)
 A = Elapsed time spent in this place.
 B = Non-inter-level travel time spent in this place.
 C = Inter-level travel time spent in this place.
 D = Time resting spent in this place.
 E = Time spent auto-exploring this place.
 F = Levels seen in this place.
 G = Mean time per level.
                   A        B        C        D        E       F      G
               +--------+--------+--------+--------+--------+-----+--------+
         Total |   2114 |   2018 |     96 |    118 |   1410 |   4 |  528.5 |
       Dungeon |   2114 |   2018 |     96 |    118 |   1410 |   4 |  528.5 |
               +--------+--------+--------+--------+--------+-----+--------+

Top non-repeatable levels by time:
     D:1: 736 daAuts
     D:3: 665 daAuts
     D:2: 585 daAuts
     D:4: 126 daAuts
